AoeStats
← gazza17

MegaRandom

517526137Analyzed
4v4 RM · 7d ago on Oct 30, 2026· 54m 17s· 8 players
Game mode
Random Map
Map size
Large (8 player)
Population
200
Speed
Normal
Resources
Standard
Victory
Conquest
Starting age
Dark Age
Ending age
Imperial Age
RankedLock teamsTeams togetherTeam positionsShared explorationLock speedFull tech treeHidden civsTurbo modeCheats
Victory
Defeat
🇰🇿 Inca · Kazakhstan
1079
+14
🇩🇪 Wei · Germany
1046
+15
🇪🇸 Franks · Spain
1003
+17
🇨🇱 Mongols · Chile
990
+18
vs
🇬🇧 Varangians · United Kingdom
1050
-17
🇷🇺 Britons · Russia
1049
-17
🇨🇳 Khmer · China
1037
-16
🇨🇳 Magyars · China
978
-14
President of USA
5:41 Loom
15:33 Feudal Age
19:17 Castle Age
17:46 Horse Collar
22:33 Double-Bit Axe
25:08 Heavy Plow
25:51 Wheelbarrow
26:25 Bow Saw
31:00 Hand Cart
34:41 Imperial Age
32:49 Husbandry
33:31 Bloodlines
32:50 Light Cavalry
34:19 Scale Barding Armor
34:52 Forging
35:25 Chain Barding Armor
37:15 Chain Barding Armor
38:20 Conscription
39:04 Plate Barding Armor
38:41 Fletching
39:29 Coinage
41:27 Hoardings
gazza17
3:48 Loom
15:11 Feudal Age
15:56 Man-at-Arms
16:22 Arson
17:13 Double-Bit Axe
19:02 Forging
20:41 Horse Collar
26:49 Castle Age
24:52 Gold Mining
27:45 Wheelbarrow
28:20 Iron Casting
28:14 Stone Mining
28:46 Scale Mail Armor
30:28 Stone Shaft Mining
30:05 Bow Saw
29:58 Heavy Plow
31:49 Chain Mail Armor
39:43 Imperial Age
38:07 Fletching
Sanguis
16:05 Feudal Age
20:49 Castle Age
18:57 Horse Collar
21:05 Double-Bit Axe
25:27 Gold Mining
27:46 Wheelbarrow
26:59 Loom
28:49 Gold Shaft Mining
28:44 Fletching
30:23 Yeomen
30:01 Bodkin Arrow
32:40 Ballistics
33:19 Padded Archer Armor
33:50 Hand Cart
34:53 Stone Mining
39:21 Imperial Age
39:33 Leather Archer Armor
40:47 Guilds
42:53 Chemistry
42:39 Conscription
42:32 Bracer
43:54 Elite Longbowman
52:46 Arrowslits
erieyo
10:04 Loom
15:29 Feudal Age
19:02 Castle Age
18:51 Double-Bit Axe
20:00 Stone Mining
30:43 Town Watch
36:34 Fletching
kiko1994
16:24 Feudal Age
22:31 Castle Age
21:40 Double-Bit Axe
23:18 Forging
23:22 Husbandry
24:47 Wheelbarrow
28:56 Scale Barding Armor
28:40 Loom
28:41 Town Watch
31:26 Bow Saw
33:53 Iron Casting
35:16 Hand Cart
38:11 Imperial Age
37:21 Light Cavalry
39:31 Hoardings
40:08 Masonry
41:04 Blast Furnace
41:21 Cavalier
45:08 Conscription
45:23 Chain Barding Armor
52:12 Gold Mining
53:27 Plate Barding Armor
Alfakong
3:04 Loom
16:54 Feudal Age
17:34 Double-Bit Axe
20:19 Town Watch
22:44 Castle Age
22:06 Stone Mining
24:31 Gold Mining
26:45 Bow Saw
30:08 Wheelbarrow
40:43 Masonry
47:08 Padded Archer Armor
47:00 Fletching
50:28 Leather Archer Armor
Первоисточник
7:51 Loom
14:29 Feudal Age
15:22 Town Watch
19:30 Castle Age
18:23 Double-Bit Axe
18:25 Horse Collar
19:49 Wheelbarrow
20:44 Squires
20:32 Arson
23:40 Heavy Plow
23:50 Scale Mail Armor
25:32 Stone Mining
26:33 Bow Saw
28:14 Gold Mining
28:55 Chain Mail Armor
28:50 Forging
29:35 Gold Shaft Mining
32:44 Masonry
33:28 Iron Casting
33:09 Fletching
33:44 Ballistics
33:05 Treadmill Crane
37:15 Imperial Age
35:15 Bodkin Arrow
36:10 Hand Cart
36:35 Town Patrol
39:52 Guilds
41:32 Elite Kamayuk
42:33 Conscription
42:50 Hoardings
42:51 Plate Mail Armor
43:41 Crop Rotation
43:47 Stone Shaft Mining
43:46 Caravan
44:09 Siege Engineers
45:40 Blast Furnace
45:37 Fabric Shields
46:20 Arrowslits
46:32 Murder Holes
47:39 Chemistry
47:15 Bracer
49:38 Capped Ram
50:43 Siege Ram
TA388959
8:21 Loom
17:59 Feudal Age
18:26 Double-Bit Axe
18:26 Horse Collar
26:09 Castle Age
24:37 Stone Mining
24:49 Gold Mining
27:28 Bow Saw
27:21 Heavy Plow
28:26 Wheelbarrow
31:29 Bloodlines
37:50 Imperial Age
36:38 Scale Barding Armor
37:40 Tuntian
38:11 Chain Barding Armor
38:03 Forging
38:41 Coinage
45:29 Gold Shaft Mining
45:37 Crop Rotation
46:38 Ballistics
47:18 Chemistry
46:15 Murder Holes
48:03 Hand Cart
48:45 Elite Tiger Cavalry
51:05 Masonry
50:52 Fletching
52:07 Bodkin Arrow
52:16 Husbandry
Connection lost

Rejoining the realm…

Still unreachable

The connection could not be restored.

Session expired

The server has moved on; the page needs a fresh start.